 Dungeon Crawl Stone Soup version 0.29.0-4-gdea44cf6ec (webtiles) character file.

Game seed: 7362181217213082708

34 qw the Chopper (level 3, -3/21 HPs)
             Began as a Tengu Warper on Aug 28, 2022.
             Slain by a gnoll
             ... wielding a +0 flail
              (9 damage)
             ... on level 2 of the Dungeon.
             The game lasted 00:00:06 (1446 turns).

qw the Chopper (Tengu Warper)                       Turns: 1446, Time: 00:00:06

Health: -3/21      AC:  3    Str: 13    XL:     3   Next: 31%
Magic:  7/7        EV: 12    Int: 13    God:
Gold:   61         SH:  0    Dex: 13    Spells: 6/6 levels left

rFire   . . .      SeeInvis .   Y - +1 hand axe
rCold   . . .      Faith    .   (no shield)
rNeg    . . .      Spirit   .   b - +0 leather armour
rPois   .          Reflect  .   (helmet restricted)
rElec   .          Harm     .   (no cloak)
rCorr   .          Rampage  .   (no gloves)
Will    .....                   (boots unavailable)
Stlth   +.........              (no amulet)
HPRegen 0.07/turn               (no ring)
MPRegen 0.10/turn               (no ring)

@: no status effects
A: beak, talons 3
a: no special abilities


You were on level 2 of the Dungeon.
You visited 1 branch of the dungeon, and saw 2 of its levels.

You collected 61 gold pieces.


Innate Abilities, Weirdness & Mutations

You have a beak for a mouth.
You have claws for feet.


   Skills:
 - Level 2.0 Fighting
 + Level 4.0 Axes
 - Level 1.0 Throwing
 - Level 1.1 Armour
 - Level 2.1 Dodging
 - Level 2.0 Spellcasting
 - Level 2.4 Translocations


You had 6 spell levels left.
You didn't know any spells.
Your spell library contained the following spells:

 Spells                   Type           Power      Damage    Failure   Level
 Blink                    Tloc           14%        N/A       19%         2
 Gell's Gravitas          Tloc           7%         N/A       36%         3
 Lesser Beckoning         Tloc           7%         N/A       36%         3
 Teleport Other           Tloc           7%         N/A       36%         3
 Manifold Assault         Tloc           7%         N/A       98%         5

Inventory:

Hand Weapons
 d - a +0 club
 Y - a +1 hand axe (weapon)
Armour
 b - a +0 leather armour (worn)
 c - a +0 chain mail
Jewellery
 g - a ring of protection from fire
 i - a ring of positive energy
Scrolls
 f - a scroll of teleportation
Potions
 a - a potion of brilliance {unknown}
 e - a potion of heal wounds {unknown}
 h - a potion of lignification {unknown}
 j - a potion of curing {unknown}
 k - a potion of flight {unknown}

Dungeon Overview and Level Annotations

Branches:
Dungeon (2/15)

Altars:

Shops:
D:1 ?

Annotations:
D:2 Sigmund


Message History

You kill the goblin!
Things that are here:
a +0 club; a +0 robe; a goblin corpse
Found a short sword.
A worm comes into view.
Enter note: You hit the worm but do no damage.
You hit the worm.
The worm is lightly wounded.
The worm misses you.
You hit the worm.
The worm is lightly wounded.
The worm bites you!
You hit the worm. You claw the worm.
The worm is heavily wounded.
You hit the worm.
The worm is severely wounded.
The worm closely misses you.
You hit the worm. Your kick misses the worm.
The worm is almost dead.
The worm bites you.
You barely miss the worm. You claw the worm.
You kill the worm!
Your Axes skill increases to level 4!
You start resting.
HP restored.
A gnoll comes into view. It is wielding a +0 spear.
Enter note: 2 gnolls come into view.
The gnoll shouts! x2
A gnoll comes into view. It is wielding a +0 club.
The gnoll moves out of view.
Sigmund the Dreaded comes into view.
He is wielding a +0 scythe.
Sigmund shouts!
The gnoll shouts!
The gnoll closely misses you. The gnoll misses you.
You barely miss the gnoll. You claw the gnoll, but do no damage.
You hit the gnoll. x2
Sigmund hits you but does no damage. The gnoll hits you with a +0 club!
The gnoll hits you with a +0 whip! The gnoll hits you with a +0 flail!
You die...

#.# #.#.# #.###.#
##.#.#... #.# #.#.#
#.##...##.#....)# #.#
##.#.# #..
.#......#.#.# #..
......#####.
.###....#.# #... ..
.......# ## ##
#.####.# #.# #.
#...#.####.####.####.#
#.# #.
#..@#g................
#.# #.
#...ggg...............
#.# #.## .#.#@#
#######.#####. ####.#
#..# .#.#.# #.# #.
.....####.##.#.#.# #.#
##. #
#..........#.#.## #.#
#.. ##.####.####.#..#
#)####..
#.####.####.##.#
#....#..
####<..........##.#
#.#.#
...............##.#
#.#.#
.###.####.####.##.#
#.#.#


You could see Sigmund and 4 gnolls.

Vanquished Creatures
  A worm (D:2)
  2 bats
  6 endoplasms (D:1)
  A giant cockroach (D:2)
  5 goblins
  A hobgoblin (D:2)
  4 kobolds
  A quokka (D:1)
  A frilled lizard (D:1)
  3 rats
25 creatures vanquished.

Notes
Turn   | Place    | Note
-------+----------+-------------------------------------------
     0 | D:1      | qw the Tengu Warper began the quest for the Orb.
     0 | D:1      | Reached XP level 1. HP: 12/12 MP: 4/4
     0 | D:1      | 0 ||| qw: Version: 0.1-a-89-g26bdef1
     0 | D:1      | 0 ||| qw: Game counter: 2857
     0 | D:1      | 0 ||| qw: Always use a shield: true
     0 | D:1      | 0 ||| qw: God list: Okawaru
     0 | D:1      | 0 ||| qw: Allow faded altars: false
     0 | D:1      | 0 ||| qw: Do Orc after D:15 true
     0 | D:1      | 0 ||| qw: Do second Lair branch before Depths: true
     0 | D:1      | 0 ||| qw: Lair rune preference: random
     0 | D:1      | 0 ||| qw: Plans: Normal
     0 | D:1      | 0 ||| PLANNING D:1-11
    15 | D:1      | Found Duytat's Magic Scroll Shoppe.
    23 | D:1      | 23 ||| SHOPLISTING scroll of identify (26 gold, have 0).
    23 | D:1      | 23 ||| SHOPLISTING scroll of teleportation (39 gold, have
                  | 0).
   155 | D:1      | Reached XP level 2. HP: 17/17 MP: 6/6
   164 | D:1      | Reached skill level 3 in Axes
   205 | D:1      | 205 ||| Stepping ~*~*~tactically~*~*~ (stealth).
   209 | D:1      | 209 ||| Stepping ~*~*~tactically~*~*~ (stealth).
   730 | D:1      | 730 ||| READING scroll labelled MEESSO YTHOJ JUA.
   731 | D:1      | 731 ||| READING 2 scrolls labelled KOKHEA LOJIALU.
   736 | D:1      | 736 ||| READING scroll labelled SISAXA JEETAQ.
   737 | D:1      | 737 ||| READING scroll labelled ROMOIN XUAXUSK.
   738 | D:1      | 738 ||| DROPPING scroll of blinking.
   819 | D:2      | Reached XP level 3. HP: 21/21 MP: 7/7
  1172 | D:2      | Reached skill level 4 in Axes
  1444 | D:2      | Noticed Sigmund
  1446 | D:2      | Slain by a gnoll

Levels and vault maps discovered:
D:1:      amcnicky_arrival_blooded_trapdoor, layout_basic, serial_shops,
          nicolae_shop_stone
D:2:      layout_loops_ring, uniq_sigmund

Skill      XL: |  1  2  3 |
---------------+----------+-----
Axes           | 3 4 |  4.0
Fighting       | |  2.0
Throwing       | |  1.0
Armour         | |  1.1
Dodging        | |  2.1
Spellcasting   | |  2.0
Translocations | |  2.4

Action                   || total
-------------------------++-------
Melee: Hand axe          ||    46
       Kick              ||     8
       Peck              ||     5
Throw: Boomerang         ||     7
  Use: Scroll            ||     4
Armor: Leather armour    ||     4
Dodge: Dodged            ||    22

Table legend:
 A = Non-vault XP
 B = Vault XP
 C = Vault XP percentage of total XP
 D = Non-vault monster count
 E = Vault monster count
 F = Vault count percentage of total count
                 A         B        C        D         E       F
            +---------+---------+-------+---------+---------+-------
      Total |      49 |       0 |   0.0 |      25 |       0 |   0.0
            +---------+---------+-------+---------+---------+-------
        D:1 |      33 |       0 |   0.0 |      18 |       0 |   0.0
        D:2 |      16 |       0 |   0.0 |       7 |       0 |   0.0
            +---------+---------+-------+---------+---------+-------
